AoeStats
← [CL] Al3jandr0.magn00

Golden Pit

508118484Analyzed
1v1 RM · 10d ago on Sep 21, 2026· 44m 31s· 2 players
Game mode
Random Map
Map size
Tiny (2 player)
Population
200
Speed
Normal
Resources
Standard
Victory
Conquest
Starting age
Dark Age
Ending age
Imperial Age
RankedLock teamsTeams togetherTeam positionsShared explorationLock speedFull tech treeHidden civsTurbo modeCheats
Victory
Defeat
🇧🇷 Dravidians · Brazil
1931
+15
🇦🇷 Britons · Argentina
1916
-15
[CL] Al3jandr0.magn00
8:48 Loom
11:04 Feudal Age
14:59 Castle Age
13:52 Fletching
20:18 Double-Bit Axe
26:46 Horse Collar
33:18 Wheelbarrow
32:28 Town Watch
33:43 Scale Barding Armor
37:40 Imperial Age
35:44 Bow Saw
35:54 Scale Barding Armor
38:03 Chain Barding Armor
38:09 Cavalier
39:30 Plate Barding Armor
40:51 Light Cavalry
41:32 Husbandry
42:32 Heavy Plow
42:56 Bodkin Arrow
43:01 Padded Archer Armor
Crankshaft
7:06 Loom
9:21 Feudal Age
9:24 Man-at-Arms
9:50 Double-Bit Axe
11:32 Arson
13:07 Fletching
19:51 Castle Age
18:05 Padded Archer Armor
18:33 Horse Collar
20:40 Bodkin Arrow
21:37 Wheelbarrow
21:10 Elite Skirmisher
23:40 Leather Archer Armor
25:06 Hand Cart
33:11 Imperial Age
33:57 Bracer
34:18 Heavy Plow
34:29 Bow Saw
37:50 Chemistry
42:17 Ballistics
42:13 Thumb Ring
43:19 Scale Mail Armor
43:35 Pikeman
Connection lost

Rejoining the realm…

Still unreachable

The connection could not be restored.

Session expired

The server has moved on; the page needs a fresh start.